 Dungeon Crawl Stone Soup version 0.21-a0-442-g848f44b (webtiles) character file.

922 4thArraOfDagon the Chopper (level 7, -1/67 HPs)
             Began as a Deep Dwarf Enchanter on Nov 15, 2017.
             Was an Initiate of Makhleb.
             Killed from afar by a gnoll (22 damage)
             ... with a wand of lightning (?/15)
             ... on level 7 of the Dungeon.
             The game lasted 00:12:31 (1864 turns).

4thArraOfDagon the Chopper (Deep Dwarf Enchanter)   Turns: 1864, Time: 00:12:31

Health: -1/67      AC:  6    Str: 19    XL:     7   Next: 84%
Magic:  5/5        EV: 10    Int: 17    God:    Makhleb [......]
Gold:   165        SH:  0    Dex: 13    Spells: 6/9 levels left

rFire    . . .     SeeInvis .   h - +1 quarterstaff of Guile {freeze, rPois Str+7} (curse)
rCold    . . .     Gourm    .   (shield currently unavailable)
rNeg     + . .     Faith    .   g - +0 scale mail
rPois    +         Spirit   .   (no helmet)
rElec    .         Reflect  .   (no cloak)
rCorr    .         Harm     .   (no gloves)
MR       +....                  (no boots)
Stlth    +.........             (no amulet)
HPRegen  0.00/turn              i - ring of positive energy
MPRegen  0.09/turn              (no ring)

@: non-regenerating, drained
A: damage resistance, heal wounds, sense surroundings 1, no regeneration
a: Heal Wounds, Renounce Religion


You were on level 7 of the Dungeon.
You worshipped Makhleb.
Makhleb was noncommittal.
You were not hungry.

You visited 2 branches of the dungeon, and saw 8 of its levels.

You collected 165 gold pieces.

Inventory:

Hand Weapons
 a - a +1 dagger
 e - a +2 battleaxe of freezing
 h - the cursed +1 quarterstaff of Guile (weapon) {freeze, rPois Str+7}
   (You found it on level 5 of the Dungeon)

   It has been specially enchanted to freeze those struck by it, causing extra
   injury to most foes and up to half again as much damage against particularly
   susceptible opponents.
   It can also slow down cold-blooded creatures.
   It affects your strength (+7).
   It protects you from poison.
   It has a curse placed upon it.
 l - a +1 rapier
Armour
 b - a +0 robe
 g - a +0 scale mail (worn)
Jewellery
 i - a ring of positive energy (left hand)
Potions
 f - a potion of heal wounds
 k - a potion of lignification
 m - a potion of curing
Books
 c - a book of Maledictions

   Spells                             Type                      Level
   a - Corona                         Hexes                        1
   b - Ensorcelled Hibernation        Hexes/Ice                    2
   c - Confuse                        Hexes                        3
   d - Tukima's Dance                 Hexes                        3
   e - Dazzling Spray                 Conjuration/Hexes            3
Comestibles
 d - 2 bread rations
 j - a royal jelly


   Skills:
 - Level 5.4(4.9) Fighting
 - Level 0.8(0.4) Short Blades
 * Level 6.2(5.6) Axes
 + Level 3.1(2.6) Armour
 - Level 2.1(1.7) Dodging
 - Level 3.6(3.1) Stealth
 - Level 1.7(1.3) Spellcasting
 - Level 2.4(1.9) Hexes


You had 6 spell levels left.
You knew the following spells:

 Your Spells              Type           Power        Failure   Level  Hunger
a - Corona                Hex            #......      28%         1    ##.....
b - Ensorcelled Hibernat  Hex/Ice        #.....       54%         2    ###....


Dungeon Overview and Level Annotations

Branches:
Dungeon (7/15)             Temple (1/1) D:6

Altars:
Ashenzari
Cheibriados
Elyvilon
Gozag
Makhleb
Nemelex Xobeh
Qazlal
Trog
Uskayaw
Vehumet
Wu Jian
Yredelemnul
Zin

Annotations:
D:5 darxusza's ghost, amateur MiBe
D:6 Duvessa; Pikel


Innate Abilities, Weirdness & Mutations

You are resistant to damage.
You can heal yourself by infusing magical energy.
You passively map a small area around you.
You do not regenerate.


Message History

Your scale mail prevents you from hitting the orc wizard.
The orc wizard is almost dead.
The orc wizard gestures at you while chanting.
The magic dart hits you!
The gnoll zaps a wand.
The bolt of lightning hits the gnoll.
The gnoll dies!
The bolt of lightning hits you! x2; It is a wand of lightning (?/15).
You barely miss the orc wizard.
The orc wizard is almost dead.
The orc wizard mumbles some strange words.
The orc wizard seems to speed up.
The gnoll hits you but does no damage. The orc wizard barely misses you.
The gnoll hits you but does no damage.
Unknown command.
You hit the orc wizard. You freeze the orc wizard.
You kill the orc wizard!
Makhleb accepts your kill. The gnoll hits you but does no damage.
The orc hits you but does no damage.
The gnoll zaps a wand.
The bolt of lightning misses the gnoll.
The bolt of lightning hits you!
You die...

*,,,,.#*,,,,,,,* #.
****..##.##,**** #. ###.,....,,,*
#. #..,,...#*,,****####.
#.#,*...##,.*,,,,..#.
#(#,,......,*,***#.#.
*#######<#**gg#.#..*,*###.#.
*........###g......*,*#.....
*.#####...†@)...........#.## *,*
#.####o###...#.#**#.*# ******,*
#.# *.###...#,,,,..*# ,,,,,,,*
#.# *..,....#***###*# ********
##.# *####...# # ######..#
#...####### # ######......###
#.........#
.....#......(.#######...#####.###
.....#..##..#..................#.


You could see 3 gnolls and an orc.

Vanquished Creatures
  A sky beast (D:5)
  A slave (D:7)
  A phantom (D:7)
  A big kobold (D:6)
  Blork the orc (D:6)
  7 wights (D:7)
  3 killer bees
  A howler monkey (D:5)
  A hound (D:6)
  An orc wizard (D:7)
  An iguana (D:6)
  A worker ant (D:5)
  A hound skeleton (D:5)
  4 adders
  A shadow imp (D:7)
  An ooze (D:6)
  3 leopard geckos
  5 orcs
  A bat (D:3)
  2 giant cockroaches
  2 goblins
  3 hobgoblins
  6 jackals
  2 ball pythons (D:3)
  3 frilled lizards
  4 kobolds
  5 rats
63 creatures vanquished.

Vanquished Creatures (others)
  A gnoll (D:7)
1 creature vanquished.

Grand Total: 64 creatures vanquished

Notes
Turn   | Place    | Note
-------+----------+-------------------------------------------
     0 | D:1      | 4thArraOfDagon the Deep Dwarf Enchanter began the quest for the Orb.
     0 | D:1      | Reached XP level 1. HP: 15/15 MP: 3/3
     0 | D:1      | p0werm0de: D:
     0 | D:1      | p0werm0de: so a bottle?
     5 | D:1      | p0werm0de: remember name?
    13 | D:1      | Sergey: veltins
    21 | D:1      | p0werm0de: ah ok
    38 | D:1      | p0werm0de: ye thats pretty soft beer
    41 | D:1      | Sergey: there is no such beer in russia
   101 | D:2      | Sergey: what can you recommend ?
   140 | D:2      | p0werm0de: id try local bavarian
   156 | D:2      | Sergey: under 2-3€ per bottle
   164 | D:2      | p0werm0de: go to a pub and try the house beer
   198 | D:1      | :O
   207 | D:1      | p0werm0de: they mostly drink wheat / bright beer
   210 | D:1      | Reached skill level 1 in Fighting
   224 | D:1      | Reached XP level 2. HP: 25/25 MP: 4/4
   270 | D:2      | Learned a level 2 spell: Ensorcelled Hibernation
   271 | D:2      | p0werm0de: and you didnt like veltins well it hasnt much taste
   310 | D:2      | p0werm0de: so you like more HERB?
   332 | D:2      | Sergey: herb ?
   409 | D:3      | p0werm0de: tart
   427 | D:3      | Found a white marble altar of Elyvilon.
   455 | D:3      | Reached XP level 3. HP: 20/33 MP: 0/5
   496 | D:3      | Sergey: dont understand you
   545 | D:3      | p0werm0de: mhh its hard to translate ;D
   554 | D:3      | Sergey: I like just tasty beer
   583 | D:3      | p0werm0de: stronger taste, bitter a bit
   607 | D:3      | p0werm0de: its called HERB in german
   647 | D:4      | p0werm0de: so if you see that on a beer youd be closer
   678 | D:5      | Entered Level 5 of the Dungeon
   826 | D:6      | Noticed Blork the orc
   830 | D:6      | Sergey: !lg p0werm0de
   831 | D:6      | beem: 9477. p0werm0de the Covert (L11 OpEE of Ashenzari), mangled by Erica (a +2 scimitar of flaming) on Lair:1 on 2017-11-14 21:04:15, with 8736 points after 6341 turns and 0:26:20.
   834 | D:5      | p0werm0de: regensburger spitalbrauerei probably he most local
   834 | D:5      | :O
   842 | D:5      | Noticed a sky beast
   869 | D:5      | p0werm0de: im not a beer expert ;D
   874 | D:5      | Sergey: its a name of beer or shop ?
   901 | D:5      | p0werm0de: of a brewery and it also shows on beer
   906 | D:5      | p0werm0de: http://www.brauerei.spital.de/
   911 | D:5      | Reached XP level 4. HP: 18/42 MP: 1/5
   929 | D:5      | Killed a sky beast
   929 | D:5      | Reached XP level 5. HP: 17/51 MP: 1/6
   967 | D:5      | p0werm0de: i would just drink the local. theyre like all good in bavaria
   987 | D:5      | Got an ichor-stained quarterstaff
   988 | D:5      | Identified the cursed +1 quarterstaff of Guile {freeze, rPois Str+7} (You found it on level 5 of the Dungeon)
   989 | D:5      | :NICE!
   992 | D:5      | p0werm0de: also you get special sorts there
  1067 | D:6      | Noticed Duvessa
  1071 | D:6      | p0werm0de: ye that octopode man
  1075 | D:6      | p0werm0de: i had statue at 6k turns
  1076 | D:6      | p0werm0de: im still sad
  1077 | D:6      | Noticed Pikel
  1077 | D:6      | Noticed a slave
  1077 | D:6      | Noticed a slave
  1083 | D:6      | p0werm0de: ash piety didnt kick in
  1084 | D:6      | Noticed a water moccasin
  1108 | D:5      | Sergey: !lg p0werm0de win
  1112 | D:5      | beem: 222. p0werm0de the Ninja (L27 OpIE of Cheibriados), escaped with the Orb and 15 runes on 2017-11-12 17:58:28, with 41540760 points after 35144 turns and 4:32:12.
  1141 | D:5      | p0werm0de: this ws good
  1241 | D:6      | Sergey: 4:32
  1246 | D:5      | Reached skill level 5 in Fighting
  1255 | D:5      | p0werm0de: ;D
  1256 | D:5      | Noticed darxusza's ghost (amateur MiBe)
  1271 | D:6      | Killed Blork the orc
  1271 | D:6      | Reached XP level 6. HP: 27/61 MP: 6/6
  1274 | D:6      | p0werm0de: i also won mu in 3:13
  1276 | D:6      | Reached skill level 1 in Axes
  1288 | D:6      | p0werm0de: !hs * muck won
  1291 | D:6      | beem: 83. p0werm0de the Slayer (L27 MuCK of Gozag), escaped with the Orb and 15 runes on 2017-08-04 03:13:02, with 25780429 points after 57835 turns and 5:08:18.
  1299 | D:6      | p0werm0de: ah no
  1300 | D:6      | p0werm0de: k
  1308 | D:6      | p0werm0de: 5hr
  1347 | D:6      | Reached skill level 2 in Axes
  1376 | D:6      | Reached skill level 3 in Axes
  1386 | D:6      | p0werm0de: http://www.brauerei.spital.de/?q=de/product_category/2
  1406 | D:6      | p0werm0de: here you see the bottles
  1438 | D:6      | :I
  1500 | D:6      | Found a staircase to the Ecumenical Temple.
  1520 | D:7      | p0werm0de: will prob cost around 1 euro
  1544 | D:6      | Noticed a slave
  1552 | D:7      | Reached skill level 4 in Axes
  1552 | D:7      | Reached XP level 7. HP: 39/67 MP: 7/7
  1564 | D:7      | Reached skill level 1 in Armour
  1604 | Temple   | Entered the Ecumenical Temple
  1628 | Temple   | Became a worshipper of Makhleb the Destroyer
  1757 | D:7      | Reached skill level 5 in Axes
  1806 | D:7      | Reached skill level 6 in Axes
  1864 | D:7      | Killed from afar by a gnoll

Vault maps used:
D:1:      sevenhm_arrival_forest_fort_small_3, st_stairs_9, serial_bayou_pond_e
D:2:      grunt_ministairs_8
D:3:      first_bread, elyvilon_altar_1
D:6:      minmay_temple_entry_glass, grunt_ministairs_4, kb_rosetta,
          uniq_blork_the_orc, uniq_duvessa, uniq_pikel
Temple:   nicolae_temple_the_god_donut

Skill      XL: |  1  2  3  4  5  6  7 |
---------------+----------------------+-----
Fighting       | 1 2 3 4 5 |  5.4
Axes           | 4 6 |  6.2
Armour         | 3 |  3.1
Short Blades   | |  0.8
Dodging        | |  2.1
Stealth        | |  3.6
Spellcasting   | |  1.7
Hexes          | |  2.4

Action                   |  1- 3 |  4- 6 |  7- 9 || total
-------------------------+-------+-------+-------++-------
Melee: Dagger            |    66 |     1 |       ||    67
       Rapier            |    32 |     5 |       ||    37
       Quarterstaff      |       |    85 |    70 ||   155
 Cast: Corona            |     3 |     4 |       ||     7
       Ensorcelled Hiber |     6 |       |       ||     6
 Abil: Heal Wounds       |     1 |     5 |     5 ||    11
  Use: Potion            |     4 |     2 |       ||     6
       Scroll            |     5 |     2 |     3 ||    10
 Stab: Sleeping          |     8 |     1 |       ||     9
  Eat: Chunk             |       |     3 |       ||     3
       Fruit             |       |       |     3 ||     3
Armor: Skin              |    95 |       |       ||    95
       Robe              |    17 |    12 |       ||    29
       Scale mail        |       |     2 |    28 ||    30
Dodge: Dodged            |    56 |    71 |    34 ||   161

Table legend:
 A = Spawn XP
 B = Non-spawn XP
 C = Spawn XP percentage of total XP
 D = Spawn monster count
 E = Non-spawn monster count
 F = Spawn count percentage of total count
 G = Total turns spent on level
                    A         B        C        D         E        F      G
               +---------+---------+-------+---------+---------+-------+---------
         Total |       0 |    1318 |   0.0 |       0 |      62 |   0.0 |  1864
               +---------+---------+-------+---------+---------+-------+---------
           D:1 |       0 |      14 |   0.0 |       0 |      10 |   0.0 |   124
           D:2 |       0 |       4 |   0.0 |       0 |       3 |   0.0 |   259
           D:3 |       0 |      27 |   0.0 |       0 |       9 |   0.0 |   265
           D:4 |       0 |       2 |   0.0 |       0 |       1 |   0.0 |    73
           D:5 |       0 |     258 |   0.0 |       0 |      12 |   0.0 |   502
           D:6 |       0 |     334 |   0.0 |       0 |       7 |   0.0 |   259
           D:7 |       0 |     679 |   0.0 |       0 |      20 |   0.0 |   329
               +---------+---------+-------+---------+---------+-------+---------
